 Dungeon Crawl Stone Soup version 0.23.2 (webtiles) character file.

Game seed: 6557081867444793558

67158 Gingko the Basher (level 14, -2/105 HPs)
             Began as a Demonspawn Wanderer on Apr 6, 2019.
             Was an Initiate of Gozag.
             Slain by an orc warrior
             ... wielding a +0 trident
              (27 damage)
             ... on level 2 of the Orcish Mines.
             The game lasted 02:14:39 (26968 turns).

Gingko the Basher (Demonspawn Wanderer)            Turns: 26968, Time: 02:14:40

Health: -2/105     AC: 23    Str: 19    XL:     14   Next: 81%
Magic:  26/26      EV: 18    Int: 21    God:    Gozag
Gold:   6834       SH:  0    Dex: 12    Spells: 15/29 levels left

rFire    . . .     SeeInvis .   D - +4 dire flail (freeze)
rCold    + . .     Gourm    .   (shield currently unavailable)
rNeg     . . .     Faith    .   P - quicksilver dragon scales
rPois    +         Spirit   .   H - +2 hat
rElec    .         Reflect  .   M - +0 cloak {rPois}
rCorr    .         Harm     .   d - +1 pair of gloves {Str+3}
MR       ++...                  S - +1 pair of boots
Stlth    +.........             A - amulet of magic regeneration
HPRegen  0.27/turn              p - +5 ring of slaying
MPRegen  0.45/turn              L - ring "Buewn" {AC+3 Str+3 Int+2}

@: no status effects
A: talons 2, repulsion field 2, cold resistance 1, spiny 2, freezing cloud
immunity
a: Potion Petition, Call Merchant, Bribe Branch, Renounce Religion


You were on level 2 of the Orcish Mines.
You worshipped Gozag.
Gozag was greatly pleased with you.
You were hungry.

You visited 4 branches of the dungeon, and saw 21 of its levels.
You also visited: Volcano.

You collected 6834 gold pieces.

Inventory:

Hand Weapons
 j - a +0 blowgun
 D - a +4 dire flail of freezing (weapon)
Missiles
 l - 683 stones (quivered)
 n - 154 poisoned needles
 q - 375 arrows
Armour
 d - a +1 pair of gloves of strength (worn)
 x - a scarf of cloud immunity
 H - a +2 hat (worn)
 J - a +2 cloak of fire resistance
 M - a +0 cloak of poison resistance (worn)
 P - quicksilver dragon scales (worn)
 S - a +1 pair of boots (worn)
Jewellery
 p - a +5 ring of slaying (left hand)
 s - an uncursed ring of protection from magic
 t - an uncursed ring of magical power
 A - an amulet of magic regeneration (around neck)
 F - an uncursed ring of protection from cold
 G - an uncursed ring of fire
 L - the ring "Buewn" (right hand) {AC+3 Str+3 Int+2}
   (You found it on level 6 of the Dungeon)

   [ring of protection]

   It affects your AC (+3).
   It affects your strength (+3).
   It affects your intelligence (+2).
Wands
 a - a wand of disintegration (15)
 b - a wand of acid (13)
 v - a wand of clouds (4)
 E - a wand of polymorph (6)
 O - a wand of paralysis (8)
Scrolls
 e - 12 scrolls of remove curse
 i - 5 scrolls of enchant weapon
 o - a scroll of summoning
 r - 3 scrolls of fear
 y - 2 scrolls of blinking
 B - 3 scrolls of enchant armour
 I - 6 scrolls of teleportation
 Q - 3 scrolls of fog
 V - 2 scrolls of silence
 Z - a scroll of torment {unknown}
Potions
 g - 5 potions of brilliance
 h - 4 potions of agility
 k - a potion of magic
 m - 2 potions of curing
 u - 4 potions of haste
 w - 2 potions of heal wounds
 z - 3 potions of cancellation
 C - 4 potions of might
 K - a potion of invisibility
 N - a potion of berserk rage
 R - 2 potions of resistance
 U - a potion of lignification {unknown}
 W - 3 potions of mutation
 X - 3 potions of flight
Miscellaneous
 c - a phantom mirror
 T - a fan of gales
Comestibles
 f - 23 rations


   Skills:
 - Level 8.0 Fighting
   Level 1.0(9.4) Axes
 - Level 14.0 Maces & Flails
 - Level 8.0 Armour
 - Level 8.0 Dodging
 - Level 3.0 Stealth
 - Level 8.0 Spellcasting
 + Level 8.5 Conjurations
 - Level 6.6 Hexes
 + Level 6.5 Air Magic
 - Level 6.0 Evocations


You had 15 spell levels left.
You knew the following spells:

 Your Spells              Type           Power        Failure   Level  Hunger
a - Corona                Hex            #####..      1%          1    None
b - Shock                 Conj/Air       ####         1%          1    None
c - Swiftness             Chrm/Air       ###.....     4%          2    None
d - Spectral Weapon       Hex/Chrm       ###.....     10%         3    None
e - Static Discharge      Conj/Air       #####...     1%          3    None
f - Airstrike             Air            #####.....   9%          4    ###....

Your spell library contained the following spells:

 Spells                   Type           Power        Failure   Level  Hunger
 Inner Flame              Hex/Fire       ###.....     10%         3    None
 Lightning Bolt           Conj/Air       #####.....   16%         5    #####..
 Leda's Liquefaction      Hex/Erth       ###.......   32%         4    ###....
 Ignite Poison            Fire/Tmut/Pois #.......     36%         3    None
 Fireball                 Conj/Fire      ####......   52%         5    #####..
 Bolt of Magma            Conj/Fire/Erth ###.......   71%         5    #####..
 Darkness                 Hex            #####.....   77%         6    ######.
 Bolt of Fire             Conj/Fire      ####......   97%         6    ######.
 Iron Shot                Conj/Erth      ####......   97%         6    ######.
 Statue Form              Tmut/Erth      #........    100%        6    ######.
 Ring of Flames           Chrm/Fire      #.........   100%        7    #######
 Ignition                 Fire           #.........   100%        8    #######
 Shatter                  Erth           #.........   100%        9    #######


Dungeon Overview and Level Annotations

Branches:
Dungeon (12/15)            Temple (1/1) D:7            Lair (6/6) D:9
  Swamp (0/4) Lair:3        Snake (0/4) Lair:3        Slime (0/5) Lair:6
    Orc (2/2) D:11            Elf (0/3) Orc:2

Altars:
Ashenzari
Cheibriados
Dithmenos
Elyvilon
Fedhas
Gozag
Hepliaklqana
Kikubaaqudgha
Makhleb
Nemelex Xobeh
Okawaru
Qazlal
Ru
Sif Muna
Trog
Uskayaw
Vehumet
Wu Jian
Xom
Yredelemnul
Zin
The Shining One
Jiyva

Shops:
D:11 ([   Orc:1 *

Annotations:
Lair:4 1 runed translucent door, spacerossing's ghost, journeyman FoFi


Innate Abilities, Weirdness & Mutations

You have razor-sharp toenails.
You are surrounded by a moderate repulsion field. (EV +3)
Your flesh is cold resistant. (rC+)
You are mostly covered in sharp spines.
You are immune to freezing clouds.


Message History

The orc knight is struck by your spines.
The orc knight hits you with a +2 dire flail!!
The orc warrior misses you.
The orc warrior becomes distracted by the nearby gold, dreaming of imaginary riches.
The orc high priest hits you with a +0 battleaxe.
The orc warrior hits you from afar with a +0 trident!
The orc warrior shouts!
You hit the orc high priest but do no damage.
The orc high priest is lightly wounded.
You hear a shout!
You hit the orc high priest but do no damage.
The orc high priest is lightly wounded.
You hear a shout!
The orc warrior hits you from afar with a +0 trident!
The orc knight hits you with a +2 dire flail!!
* * * LOW HITPOINT WARNING * * *
The orc warrior misses you.
The orc warrior hits you from afar with a +0 trident!!
You die...
Your body crumbles into a pile of gold.

###....... .......
#......... #.....#
#.......# #.....#
#....... #.oo..#
#....... ####8ooo8#
#....... #..#o{ooo#
##.....## #..oo.o#
#......## .##.#.o@#
##....### .....$$$#
#...## ....#...######
##...# #$# ##...#.#.##
#...# # #..#.....##
##.##
.....#....#.###.## #
...............#...# ##
..#................# #.
....................##.


You could see 2 orc knights, an orc high priest, 5 orc warriors, an orc priest,
an orc wizard and 3 orcs.

Vanquished Creatures
  The ghost of Mimig the Martial Artist, a journeyman GnTm of Okawaru (Lair:6)
  Snorg (Lair:4)
  A fire dragon (Volcano)
  Josephine (Lair:4)
  3 hydras
  3 catoblepae (Lair:6)
  Harold (D:11)
  24 death yaks
  7 two-headed ogres
  Urug (Lair:6)
  An unseen horror (D:10)
  A wizard (D:12)
  A necromancer (Lair:4)
  An orc knight (Orc:1)
  2 ugly things
  An orc sorcerer (Orc:2)
  3 salamanders (Volcano)
  An oklob plant (Lair:6)
  3 manticores
  2 cyclopes (D:12)
  Maurice (D:8)
  A black mamba (Lair:5)
  A torpor snail (Lair:5)
  4 elephants (Lair:6)
  11 spiny frogs
  6 komodo dragons
  2 rime drakes
  5 trolls
  3 meliai (Lair:5)
  A tengu conjurer (D:9)
  A queen bee (Lair:5)
  A polar bear (Lair:6)
  A tyrant leech (Lair:3)
  6 hippogriffs
  A shadow (D:12)
  3 wraiths (Lair:4)
  3 basilisks
  A human (D:7)
  3 wyverns
  The ghost of Peloso the Slasher, an amateur MiFi of Okawaru (D:5)
  45 yaks
  9 fire bats (Volcano)
  2 hungry ghosts
  4 hogs (D:7)
  A steam dragon (Volcano)
  2 swamp worms (Lair:3)
  A naga (Lair:3)
  15 water moccasins
  4 porcupines
  10 orc warriors
  A sky beast (D:3)
  3 ice beasts
  A black bear (D:7)
  2 necrophages
  10 ogres
  5 wolves (Lair:4)
  6 centaurs
  A phantom (D:5)
  12 crocodiles
  12 bullfrogs
  2 scorpions
  29 killer bees
  5 wights (D:4)
  7 howler monkeys
  3 bullfrog zombies
  An electric eel (Lair:2)
  4 crimson imps
  5 jellies
  A centaur zombie (D:11)
  14 orc priests
  6 hounds
  10 orc wizards
  3 centaur skeletons
  4 iguanas
  7 worker ants
  3 polar bear simulacra (Lair:4)
  2 wolf simulacra (Lair:4)
  5 yak simulacra (Lair:4)
  A hound skeleton (D:4)
  Robin (D:4)
  A howler monkey zombie (D:6)
  12 adders
  8 gnolls
  3 shadow imps
  An adder zombie (D:6)
  2 oozes (D:1)
  3 adder skeletons
  3 worms
  5 dart slugs
  5 leopard geckos
  66 orcs
  8 giant cockroaches
  13 hobgoblins
  9 jackals
  6 kobolds
  2 quokkas
  A ball python (D:5)
  7 bats
  5 frilled lizards
  14 goblins
  8 rats
  A river rat simulacrum (Lair:4)
  A fungus (Lair:6)
  3 plants
561 creatures vanquished.

Vanquished Creatures (others)
  A wyvern (Volcano)
  2 steam dragons (Volcano)
  An ogre (D:7)
  A howler monkey (D:7)
  A worker ant (D:7)
  An orc (D:7)
  A giant cockroach (D:7)
  23 fungi
  31 plants
  3 spectral weapons
  2 withered plants (Lair:6)
67 creatures vanquished.

Grand Total: 628 creatures vanquished

Notes
Turn   | Place    | Note
-------+----------+-------------------------------------------
     0 | D:1      | Gingko the Demonspawn Wanderer began the quest for the Orb.
     0 | D:1      | Gingko set off with the following items: a +2 hand axe, a
                  | +0 ring mail, a +0 mace, a +0 dagger, a ration
     0 | D:1      | Reached XP level 1. HP: 19/19 MP: 1/1
   168 | D:1      | Reached skill level 1 in Armour
   168 | D:1      | Gained mutation: You are partially covered in sharp spines.
                  | [demonic ancestry]
   168 | D:1      | Reached XP level 2. HP: 8/25 MP: 2/2
   461 | D:1      | Gained mutation: You have sharp toenails. [demonic
                  | ancestry]
   461 | D:1      | Reached XP level 3. HP: 28/30 MP: 3/3
  1085 | D:2      | You fall through a shaft!
  1329 | D:3      | Noticed a bullfrog
  1337 | D:3      | Killed a bullfrog
  1337 | D:3      | Reached skill level 1 in Spellcasting
  1337 | D:3      | Reached XP level 4. HP: 29/37 MP: 2/6
  1471 | D:3      | Found a faded altar of an unknown god.
  1492 | D:3      | Reached XP level 5. HP: 30/42 MP: 4/7
  1668 | D:3      | Became a worshipper of Gozag Ym Sagoz the Greedy
  2221 | D:3      | Noticed a sky beast
  3080 | D:4      | Gained mutation: You are mostly covered in sharp spines.
                  | [demonic ancestry]
  3080 | D:4      | Reached XP level 6. HP: 46/48 MP: 10/10
  3682 | D:4      | Noticed Robin
  3688 | D:4      | Killed Robin
  3688 | D:4      | Gained mutation: You are surrounded by a mild repulsion
                  | field. (EV +2) [demonic ancestry]
  3688 | D:4      | Reached XP level 7. HP: 50/54 MP: 10/12
  4364 | D:5      | Entered Level 5 of the Dungeon
  4637 | D:4      | Reached skill level 5 in Armour
  4766 | D:5      | Found a runed translucent door.
  4777 | D:5      | Noticed Peloso's ghost (amateur MiFi)
  4912 | D:5      | Reached skill level 5 in Spellcasting
  5032 | D:5      | Gained mutation: You are surrounded by a moderate repulsion
                  | field. (EV +3) [demonic ancestry]
  5032 | D:5      | Reached XP level 8. HP: 45/60 MP: 15/15
  6139 | D:6      | Reached skill level 3 in Maces & Flails
  6283 | D:6      | Got a pitted marble ring
  6284 | D:6      | Identified the ring "Buewn" {AC+3 Str+3 Int+2} (You found
                  | it on level 6 of the Dungeon)
  6451 | D:6      | Reached skill level 5 in Fighting
  6502 | D:6      | Found a snail-covered altar of Cheibriados.
  6858 | D:3      | Reached skill level 4 in Maces & Flails
  7098 | D:7      | Found a shimmering altar of Xom.
  7329 | D:7      | Reached skill level 5 in Maces & Flails
  7329 | D:7      | Reached XP level 9. HP: 54/69 MP: 14/18
  7334 | D:7      | Reached skill level 6 in Maces & Flails
  7336 | D:7      | Reached skill level 1 in Dodging
  7590 | D:7      | Found an ornate altar of the Wu Jian Council.
  7734 | D:7      | Found a hide-covered altar of Uskayaw.
  7734 | D:7      | Found a stormy altar of Qazlal.
  8156 | D:7      | Reached skill level 7 in Maces & Flails
  8327 | D:7      | Found a staircase to the Ecumenical Temple.
  8338 | Temple   | Entered the Ecumenical Temple
  8759 | D:8      | Noticed Maurice
  8782 | D:8      | Killed Maurice
  8782 | D:8      | Reached XP level 10. HP: 75/76 MP: 19/19
  8922 | D:8      | Reached skill level 8 in Maces & Flails
  8936 | D:8      | Reached skill level 5 in Dodging
  9088 | D:8      | Found a shattered altar of Ashenzari.
  9215 | D:8      | Identified Ungu's Almanac of Enthralling Enhancements
  9219 | D:8      | Learned a level 1 spell: Corona
  9283 | D:8      | Learned a level 1 spell: Shock
  9292 | D:8      | Learned a level 2 spell: Swiftness
  9449 | D:9      | Reached skill level 1 in Hexes
  9856 | D:9      | Noticed a two-headed ogre
  9863 | D:9      | Killed a two-headed ogre
  9863 | D:9      | Reached skill level 5 in Hexes
  9866 | D:9      | Noticed a two-headed ogre
  9867 | D:9      | Found a staircase to the Lair.
  9880 | D:9      | Killed a two-headed ogre
  9885 | D:9      | Learned a level 3 spell: Spectral Weapon
 10097 | D:9      | Reached skill level 1 in Air Magic
 10287 | D:9      | Gained mutation: Your flesh is cold resistant. (rC+)
                  | [demonic ancestry]
 10287 | D:9      | Reached XP level 11. HP: 68/81 MP: 20/20
 10424 | D:9      | Noticed a two-headed ogre
 10428 | D:9      | Killed a two-headed ogre
 10532 | D:9      | Found a sacrificial altar of Ru.
 10799 | D:10     | Entered Level 10 of the Dungeon
 10868 | D:10     | Killed an unseen horror
 10898 | D:10     | Reached skill level 9 in Maces & Flails
 11547 | D:11     | Found Icaoc's Weapon Shop.
 11548 | D:11     | Found a staircase to the Orcish Mines.
 11548 | D:11     | Found Nugg's Armour Shop.
 12023 | D:11     | Noticed a brown ugly thing
 12032 | D:11     | Killed a brown ugly thing
 12457 | D:11     | Reached skill level 5 in Air Magic
 12563 | D:11     | Noticed Harold
 12572 | D:11     | Killed Harold
 13007 | D:11     | Learned a level 3 spell: Static Discharge
 13024 | D:11     | Learned a level 4 spell: Airstrike
 13172 | Lair:1   | Entered Level 1 of the Lair of Beasts
 13271 | D:9      | Reached skill level 10 in Maces & Flails
 14387 | Lair:2   | Noticed a death yak
 14398 | Lair:2   | Killed a death yak
 14398 | Lair:2   | Reached skill level 1 in Evocations
 14760 | Lair:2   | Gained mutation: You are immune to freezing clouds.
                  | [demonic ancestry]
 14760 | Lair:2   | Reached XP level 12. HP: 70/88 MP: 21/21
 15674 | Lair:3   | Reached skill level 11 in Maces & Flails
 15747 | Lair:3   | Found a staircase to the Snake Pit.
 16189 | Lair:3   | Noticed a five-headed hydra
 16189 | Lair:3   | Noticed a five-headed hydra
 16212 | Lair:3   | Killed a five-headed hydra
 16215 | Lair:3   | Killed a five-headed hydra
 16518 | Lair:3   | Found a staircase to the Swamp.
 16675 | Lair:4   | Reached skill level 5 in Evocations
 16958 | Lair:4   | Found a runed translucent door.
 16958 | Lair:4   | Noticed spacerossing's ghost (journeyman FoFi)
 17165 | Lair:4   | Found a dark tunnel.
 17169 | Lair:4   | Noticed Josephine
 17182 | Lair:4   | Noticed Snorg
 17187 | Lair:4   | Killed Josephine
 17187 | Lair:4   | Reached skill level 12 in Maces & Flails
 17200 | Lair:4   | Killed Snorg
 17213 | Volcano  | Entered a volcano
 17420 | Volcano  | Noticed a two-headed ogre
 17428 | Volcano  | Killed a two-headed ogre
 17712 | Volcano  | Noticed a two-headed ogre
 17713 | Volcano  | Noticed a two-headed ogre
 17719 | Volcano  | Killed a two-headed ogre
 17720 | Volcano  | Reached skill level 13 in Maces & Flails
 17722 | Volcano  | Killed a two-headed ogre
 17739 | Volcano  | Gained mutation: You have razor-sharp toenails. [demonic
                  | ancestry]
 17739 | Volcano  | Reached XP level 13. HP: 81/93 MP: 22/22
 18040 | Volcano  | Noticed a fire dragon
 18051 | Volcano  | Killed a fire dragon
 18796 | Lair:4   | Reached skill level 14 in Maces & Flails
 19246 | Lair:5   | Got a heavily jewelled robe
 19257 | Lair:5   | Identified the cursed +0 robe of the Ban {MR+ Str-3 Int+3
                  | Dex+3} (You found it on level 5 of the Lair of Beasts)
 19844 | Lair:6   | Entered Level 6 of the Lair of Beasts
 20159 | Lair:6   | Found a runed translucent door.
 20160 | Lair:6   | Noticed Mimig's ghost (journeyman GnTm)
 20801 | Lair:6   | Reached XP level 14. HP: 55/105 MP: 20/23
 21051 | Lair:6   | Noticed Urug
 21059 | Lair:6   | Killed Urug
 21059 | Lair:6   | Reached skill level 1 in Conjurations
 21254 | Lair:6   | Found a viscous altar of Jiyva.
 21260 | Lair:6   | Found a staircase to the Slime Pits.
 22932 | Lair:6   | Reached skill level 5 in Conjurations
 24149 | Lair:6   | Killed Mimig's ghost
 24735 | D:5      | Killed Peloso's ghost
 26270 | Orc:1    | Entered Level 1 of the Orcish Mines
 26726 | Orc:1    | Found Mioczod's Merry Market.
 26822 | Orc:2    | Entered Level 2 of the Orcish Mines
 26841 | Orc:2    | Found a staircase to the Elven Halls.
 26968 | Orc:2    | Slain by an orc warrior

Skill      XL: |  1  2  3  4  5  6  7  8  9 10 11 12 13 14 |
---------------+-------------------------------------------+-----
Stealth        | 2 3 |  3.0
Armour         | 1 2 3 4 5 6 8 |  8.0
Spellcasting   | 1 2 3 5 6 8 |  8.0
Maces & Flails | 5 7 8 10 13 14 | 14.0
Fighting       | 6 8 |  8.0
Dodging        | 4 6 8 |  8.0
Hexes          | 6 |  6.6
Air Magic      | 2 6 |  6.5
Evocations     | 2 6 |  6.0
Conjurations   | 8 |  8.5
Axes           | |  1.0

Action                   |  1- 3 |  4- 6 |  7- 9 | 10-12 | 13-15 || total
-------------------------+-------+-------+-------+-------+-------++-------
Melee: Hand axe          |    77 |   117 |   100 |       |       ||   294
       Kick              |     7 |    28 |    46 |       |       ||    81
       Dire flail        |       |       |   123 |   486 |   637 ||  1246
Throw: Throwing net      |       |       |       |     1 |       ||     1
 Cast: Shock             |       |       |       |     7 |       ||     7
       Spectral Weapon   |       |       |       |     7 |    11 ||    18
       Static Discharge  |       |       |       |     2 |       ||     2
       Airstrike         |       |       |       |       |     2 ||     2
Invok: Potion Petition   |       |       |     1 |       |       ||     1
Evoke: Wand              |       |       |     3 |     7 |     5 ||    15
  Use: Scroll            |     4 |     4 |     8 |     7 |     8 ||    31
       Potion            |       |       |       |     2 |     5 ||     7
 Stab: Sleeping          |     1 |     1 |     2 |     1 |     1 ||     6
       Distracted        |       |       |     2 |     2 |     5 ||     9
  Eat: Chunk             |     1 |     2 |       |       |       ||     3
       Ration            |       |     2 |     4 |     9 |     9 ||    24
Armor: Ring mail         |    28 |    25 |    29 |       |       ||    82
       Scale mail        |       |       |    17 |       |       ||    17
       Quicksilver drago |       |       |    28 |   153 |   180 ||   361
Dodge: Dodged            |    60 |    65 |   126 |   334 |   354 ||   939
